 Dungeon Sprint DCSS version 0.19-a0-680-gdf79c29 (webtiles) character file.

42 Groucho the Shield-Bearer (level 3, -3/31 HPs)
             Began as a Formicid Fighter on June 17, 2016.
             Was an Initiate of Makhleb.
             Slain by a hill giant
             ... wielding a +0 giant club
              (22 damage)
             ... in the Dungeon (Sprint IX: "|||||||||||||||||||||||||||||").
             The game lasted 00:01:43 (630 turns).

Groucho the Shield-Bearer (Formicid Fighter)         Turns: 630, Time: 00:01:44

Health: -3/31      AC:  9    Str: 21    XL:     3   Next: 80%
Magic:  3/3        EV: 10    Int:  7    God:    Makhleb [......]
Gold:   0          SH: 10    Dex: 13    Spells: 0 memorised, 2 levels left

rFire  . . .     SeeInvis +     t - +2 halberd (venom)
rCold  . . .     Gourm    .     q - +1 scale mail
rNeg   . . .     Faith    .     c - +0 shield
rPois  .         Spirit   .     (helmet unavailable)
rElec  .         Dismiss  .     p - +0 cloak
rCorr  .         Reflect  .     (no gloves)
SustAt .         Harm     .     (no boots)
MR     .....                    (no amulet)
Stlth  ..........               s - +2 ring of evasion
                                r - +3 ring of dexterity

@: not resistant to hostile enchantments, extremely unstealthy
A: permanent stasis, dig shafts and tunnels, four strong arms, antennae 3
a: Dig, Renounce Religion


You were in the Dungeon.
You worshipped Makhleb.
Makhleb was noncommittal.
You were not hungry.

You visited 1 branch

Inventory:

Hand Weapons
 t - a +2 halberd of venom (weapon)
Armour
 c - a +0 shield (worn)
 p - a +0 cloak (worn)
 q - a +1 scale mail (worn)
Jewellery
 r - a +3 ring of dexterity (left hand)
 s - a +2 ring of evasion (right hand)
Wands
 o - a wand of iceblast (7/15)
Scrolls
 k - 2 scrolls of blinking
 m - 3 scrolls of remove curse
 n - 2 scrolls of amnesia
Potions
 d - a potion of might
 e - 5 potions of curing
 g - 3 potions of heal wounds
 h - a potion of haste
 i - 4 potions of magic
 j - a potion of berserk rage
 l - a potion of invisibility
Comestibles
 f - a bread ration


   Skills:
 + Level 4.5 Fighting
 - Level 2.0 Polearms
 * Level 5.7 Armour
 * Level 6.3 Shields


You had 2 spell levels left.
You didn't know any spells.

Dungeon Overview and Level Annotations

Branches:
Dungeon (1/1)

Altars:
Cheibriados
Dithmenos
Elyvilon
Fedhas
Gozag
Hepliaklqana
Kikubaaqudgha
Makhleb
Nemelex Xobeh
Okawaru
Pakellas
Qazlal
Ru
Sif Muna
Trog
Uskayaw
Vehumet
Xom
Yredelemnul
Zin
The Shining One
Beogh
Jiyva
Lugonu


Innate Abilities, Weirdness & Mutations

You are under a permanent stasis effect.
You can dig through walls and to a lower floor.
Your four strong arms can wield two-handed weapons with a shield.
You have a pair of large antennae on your head. (SInv)


Message History

You start waiting.
Done waiting.
You start waiting.
Done waiting.
You start waiting.
Done waiting.
Evoke which item? (* to show all) (? for menu, Esc to quit)
Okay, then.
You open the door.
An iguana, an orc priest, 2 ogres, a hill giant and a zombie come into view.
The ogre shouts! x2; The iguana hisses angrily.
The orc priest shouts!
The hill giant shouts!
Your shield prevents you from hitting the hill giant.
The hill giant hits you with a giant club!
Unknown command.
You slash the hill giant!
The hill giant is poisoned.
The hill giant is lightly wounded.
The hill giant hits you with a giant club!!
Ouch! That really hurt!
You die...

▓.▓
▓O▓
▓O▓
▓l▓
▓o▓
▓Z▓
▓C▓
▓@▓
{
▓.▓
{
▓.▓
{ {
▓.▓
{
▓[▓
{
▓[▓
{
▓|▓
{
▓.▓
{
▓.▓


You could see a hill giant, 2 ogres, an iguana, an orc priest and a giant gecko
zombie.

Vanquished Creatures
  A worker ant (D)
  A shadow imp (D)
  A dart slug (D)
  2 ball pythons (D)
  2 hobgoblins (D)
  A kobold (D)
  A quokka (D)
  A giant gecko skeleton (D)
10 creatures vanquished.

Vanquished Creatures (others)
  A spatial maelstrom (D)
1 creature vanquished.

Grand Total: 11 creatures vanquished

Notes
Turn   | Place    | Note
--------------------------------------------------------------
     0 | D        | Groucho the Formicid Fighter began the quest for the Orb.
     0 | D        | Reached XP level 1. HP: 18/18 MP: 1/1
    10 | D        | Reached skill level 4 in Shields
    18 | D        | Banished a spatial maelstrom
    23 | D        | Reached XP level 2. HP: 20/24 MP: 2/2
    75 | D        | Reached skill level 5 in Armour
    75 | D        | Reached skill level 5 in Shields
    75 | D        | Reached XP level 3. HP: 17/31 MP: 3/3
    85 | D        | Reached skill level 6 in Shields
    99 | D        | Found a glowing silver altar of Zin.
    99 | D        | Found a glowing golden altar of the Shining One.
    99 | D        | Found an ancient bone altar of Kikubaaqudgha.
    99 | D        | Found a basalt altar of Yredelemnul.
    99 | D        | Found a shimmering altar of Xom.
    99 | D        | Found a radiant altar of Vehumet.
   100 | D        | Found an iron altar of Okawaru.
   101 | D        | Found a burning altar of Makhleb.
   102 | D        | Found a deep blue altar of Sif Muna.
   103 | D        | Found a bloodstained altar of Trog.
   104 | D        | Found a sparkling altar of Nemelex Xobeh.
   105 | D        | Found a white marble altar of Elyvilon.
   106 | D        | Found a roughly hewn altar of Beogh.
   107 | D        | Found a viscous altar of Jiyva.
   108 | D        | Found a corrupted altar of Lugonu.
   109 | D        | Found a blossoming altar of Fedhas.
   110 | D        | Found a snail-covered altar of Cheibriados.
   111 | D        | Found a shadowy altar of Dithmenos.
   112 | D        | Found a stormy altar of Qazlal.
   113 | D        | Found an opulent altar of Gozag.
   114 | D        | Found a sacrificial altar of Ru.
   115 | D        | Found an oddly glowing altar of Pakellas.
   116 | D        | Found a hide-covered altar of Uskayaw.
   117 | D        | Found a hazy altar of Hepliaklqana.
   143 | D        | Became a worshipper of Makhleb the Destroyer
   628 | D        | Noticed an ogre
   628 | D        | Noticed an ogre
   628 | D        | Noticed a hill giant
   630 | D        | Slain by a hill giant

Vault maps used:
D:        linesprint

Skill      XL: |  1  2  3 |
---------------+----------+-----
Shields        | 4 5 6 |  6.3
Armour         | 4 5 |  5.7
Fighting       | 4 |  4.5
Polearms       | |  2.0

Action                   || total
-------------------------++-------
Melee: Trident           ||    46
       Halberd           ||     2
Armor: Scale mail        ||    11
Dodge: Dodged            ||    13
Block: Shield            ||    26
